 Dungeon Crawl Stone Soup version 0.30-a0-757-ga6a79fd877 (webtiles) character file.

Game seed: 10957986441419795033

396 Iich the Chopper (level 6, -1/54 (56) HPs)
             Began as a Minotaur Fighter on Feb 9, 2023.
             Succumbed to Crazy Yiuf's poison
             ... on level 2 of the Dungeon.
             The game lasted 00:04:05 (1603 turns).

Iich the Chopper (Minotaur Fighter)                 Turns: 1603, Time: 00:04:06

HP:   -1/54 (56)    AC:  9    Str: 20    XL:     6   Next: 52%
MP:   5/5           EV:  8    Int:  5    God:
Gold: 77            SH:  9    Dex: 12    Spells: 5/5 levels left

rFire   + . .      SeeInvis .    a - +0 war axe
rCold   + . .      Faith    .    h - +0 kite shield
rNeg    . . .      Spirit   .    b - +0 scale mail
rPois   +          Reflect  .    (helmet restricted)
rElec   +          Harm     .    o - +0 cloak
rCorr   +          Rampage  .    q - +0 pair of gloves
Will    .....                    (no boots) Stlth
                                 (no amulet)
HPRegen 0.29/turn                (no ring)
MPRegen 0.09/turn                (no ring)

@: lethally poisoned (-1 -> -27), resistant, hasted and slowed, lightly drained
A: horns 2, retaliatory headbutt
a: no special abilities


You were on level 2 of the Dungeon.
You visited 1 branch of the dungeon, and saw 2 of its levels.

You collected 102 gold pieces.
You spent 25 gold pieces at shops.

Inventory:

Hand Weapons
 a - a +0 war axe (weapon)
Armour
 b - a +0 scale mail (worn)
 c - a +0 buckler
 h - a +0 kite shield (worn)
 o - a +0 cloak (worn)
 q - a +0 pair of gloves (worn)
Scrolls
 f - a scroll of teleportation
 i - a scroll of silence {unknown}
 j - a scroll of fog {unknown}
 l - a scroll of brand weapon {unknown}
 n - a scroll of amnesia {unknown}
Potions
 d - a potion of might
 g - a potion of flight {unknown}
 k - a potion of curing {unknown}
 m - a potion of mutation {unknown}
 p - a potion of magic {unknown}


   Skills:
 + Level 5.5 Fighting
 * Level 6.3 Axes
 - Level 3.6 Armour
 + Level 5.1 Shields


You had 5 spell levels left.
You didn't know any spells.
Your spell library was empty.

Dungeon Overview and Level Annotations

Branches:
Dungeon (2/15)

Altars:

Shops:
D:1 *

Annotations:
D:2 Crazy Yiuf


Innate Abilities, Weirdness & Mutations

You have a pair of horns on your head.
You reflexively headbutt those who attack you in melee.


Message History

You block Crazy Yiuf's attack.
You slash Crazy Yiuf!
Crazy Yiuf is almost dead.
Crazy Yiuf hits you with a +2 quarterstaff of chaos.
You are slowing down.
You hit Crazy Yiuf. Your headbutt misses Crazy Yiuf.
Crazy Yiuf is almost dead.
Crazy Yiuf hits you with a +2 quarterstaff of chaos!
You are electrocuted!
Crazy Yiuf hits you with a +2 quarterstaff of chaos!
You are lethally poisoned!
You have turned to stone.
Crazy Yiuf barely misses you.
Crazy Yiuf hits you with a +2 quarterstaff of chaos!
* * * LOW HITPOINT WARNING * * *
Crazy Yiuf burns you.
* * * LOW HITPOINT WARNING * * *
Crazy Yiuf hits you with a +2 quarterstaff of chaos!
* * * LOW HITPOINT WARNING * * *
Crazy Yiuf hits you with a +2 quarterstaff of chaos.
* * * LOW HITPOINT WARNING * * *
Crazy Yiuf freezes you.
Crazy Yiuf hits you with a +2 quarterstaff of chaos.
* * * LOW HITPOINT WARNING * * *
Crazy Yiuf burns you.
* * * LOW HITPOINT WARNING * * *
Crazy Yiuf hits you but does no damage.
You feel yourself slow down.
Crazy Yiuf hits you with a +2 quarterstaff of chaos!
* * * LOW HITPOINT WARNING * * *
Crazy Yiuf freezes you.
* * * LOW HITPOINT WARNING * * *
Crazy Yiuf says, "Hack blue return to song!"
Crazy Yiuf hits you with a +2 quarterstaff of chaos.
* * * LOW HITPOINT WARNING * * *
You feel yourself speed up. Crazy Yiuf hits you but does no damage.
You turn to flesh and can move again.
It was a potion of resistance.
You feel protected.
You die...

#.....###....####..........)
####### ##..## #...........
♣....♣ ####........ ♣)..♣♣
#........ ♣♣)♣♣ #########
♣)♣♣ # ♣♣)♣ # ♣)♣♣ # ♣♣@♣ #
#g# # ))) # #)))# #).)#
#####


You could see Crazy Yiuf.

Vanquished Creatures
  Sigmund (D:2)
  2 jellies (D:2)
  Natasha (thrice) (D:2)
  An adder (D:2)
  3 worms (D:2)
  A dart slug (D:2)
  5 ball pythons
  13 endoplasms
  6 giant cockroaches
  6 goblins
  8 hobgoblins
  7 jackals
  2 quokkas (D:1)
  2 bats (D:2)
  3 frilled lizards
  10 kobolds
  7 rats
80 creatures vanquished.

Vanquished Creatures (others)
  4 fungi (D:2)
  9 toadstools (D:2)
13 creatures vanquished.

Grand Total: 93 creatures vanquished

Notes
Turn   | Place    | Note
-------+----------+-------------------------------------------
     0 | D:1      | Iich the Minotaur Fighter began the quest for the Orb.
     0 | D:1      | Reached XP level 1. HP: 19/19 MP: 0/0
    17 | D:1      | Reached skill level 3 in Axes
    18 | D:1      | Reached XP level 2. HP: 23/27 MP: 1/1
   378 | D:1      | Found Xelesofi's Assorted Antiques.
   385 | D:1      | Bought a scroll labelled SAXTOXK NU UXO for 25 gold pieces
   419 | D:1      | Reached XP level 3. HP: 33/33 MP: 2/2
   890 | D:2      | Reached skill level 4 in Axes
   994 | D:2      | Noticed Natasha
  1002 | D:2      | Killed Natasha
  1003 | D:2      | Reached XP level 4. HP: 22/41 MP: 3/3
  1139 | D:2      | Reached skill level 5 in Axes
  1139 | D:2      | Reached XP level 5. HP: 6/47 MP: 4/4
  1312 | D:2      | Noticed Natasha
  1323 | D:2      | Killed Natasha
  1403 | D:2      | Reached skill level 5 in Fighting
  1429 | D:2      | Noticed Sigmund
  1448 | D:2      | Killed Sigmund
  1449 | D:2      | Reached skill level 6 in Axes
  1449 | D:2      | Reached skill level 5 in Shields
  1449 | D:2      | Reached XP level 6. HP: 42/56 MP: 5/5
  1534 | D:2      | Noticed Natasha
  1539 | D:2      | Killed Natasha
  1585 | D:2      | Found a runed translucent door.
  1586 | D:2      | Noticed Crazy Yiuf
  1603 | D:2      | Succumbed to Crazy Yiuf's poison

Illustrated notes

Levels and vault maps discovered:
D:1:      minmay_arrival_glassed_features, layout_loops_corners, serial_shops,
          shop, serial_glass, glass_columns_b, glass_columns_c
D:2:      cheibrodos_fertilizer, layout_basic, uniq_natasha, uniq_sigmund,
          uniq_crazy_yiuf_cottage

Skill      XL: |  1  2  3  4  5 |
---------------+----------------+-----
Axes           | 3 4 5 6 |  6.3
Fighting       | 4 5 |  5.5
Shields        | 4 5 |  5.1
Armour         | |  3.6

Action                     |  1- 3 |  4- 6 || total
---------------------------+-------+-------++-------
  Melee: War axe           |    90 |    66 ||   156
         Headbutt          |     8 |     9 ||    17
    Use: Scroll            |       |     1 ||     1
         Potion            |       |     1 ||     1
 Armour: Scale mail        |    33 |    23 ||    56
  Dodge: Dodged            |    32 |    19 ||    51
  Block: Buckler           |    10 |       ||    10
         Kite shield       |    17 |    31 ||    48

Table legend: (Time is in decaauts)
 A = Elapsed time spent in this place.
 B = Non-inter-level travel time spent in this place.
 C = Inter-level travel time spent in this place.
 D = Time resting spent in this place.
 E = Time spent auto-exploring this place.
 F = Levels seen in this place.
 G = Mean time per level.
                   A        B        C        D        E       F      G
               +--------+--------+--------+--------+--------+-----+--------+
         Total |   1678 |   1651 |     27 |      0 |   1188 |   2 |  839.0 |
       Dungeon |   1678 |   1651 |     27 |      0 |   1188 |   2 |  839.0 |
               +--------+--------+--------+--------+--------+-----+--------+

Top non-repeatable levels by time:
     D:1: 862 daAuts
     D:2: 816 daAuts
